 Dungeon Crawl Stone Soup version 0.26-a0-649-gf8c6c3aab7 (webtiles) character file.

Game seed: 9961066678314890916

20 DogServant the Caller (level 3, 0/20 HPs)
             Began as a Kobold Summoner on Sept 27, 2020.
             Slain by a bat (1 damage)
             ... on level 1 of the Dungeon.
             The game lasted 00:03:07 (1209 turns).

DogServant the Caller (Kobold Summoner)             Turns: 1209, Time: 00:03:07

Health: 0/20       AC:  2    Str:  5    XL:     3   Next: 0%
Magic:  3/6        EV: 16    Int: 16    God:
Gold:   13         SH:  0    Dex: 16    Spells: 3/6 levels left

rFire    . . .     SeeInvis .   d - +0 short sword
rCold    . . .     Faith    .   (shield restricted)
rNeg     . . .     Spirit   .   a - +0 robe
rPois    .         Reflect  .   (no helmet)
rElec    .         Harm     .   (no cloak)
rCorr    .         Rampage  .   (no gloves)
MR       .....                  (no boots)
Stlth    +++.......             (no amulet)
HPRegen  0.06/turn              (no ring)
MPRegen  0.10/turn              (no ring)

@: no status effects
A: small, nightstalker 3
a: no special abilities


You were on level 1 of the Dungeon.
You visited 1 branch of the dungeon, and saw 1 of its levels.

You collected 13 gold pieces.

Inventory:

Hand Weapons
 c - a +0 dagger
 d - a +0 short sword (weapon)
Armour
 a - a +0 robe (worn)
Scrolls
 b - a scroll of identify {unknown}


   Skills:
 - Level 1.6 Fighting
 + Level 0.2 Short Blades
 + Level 2.9 Dodging
 - Level 2.6 Stealth
 - Level 2.1 Spellcasting
 - Level 4.2 Summonings


You had 3 spell levels left.
You knew the following spells:

 Your Spells              Type           Power        Failure   Level
a - Summon Small Mammal   Summ           ###.         3%          1
b - Call Imp              Summ           ###.....     5%          2

Your spell library contained the following spells:

 Spells                   Type           Power        Failure   Level
 Call Canine Familiar     Summ           ###.....     11%         3
 Summon Guardian Golem    Hex/Summ       #.......     26%         3
 Summon Ice Beast         Ice/Summ       #.......     65%         4
 Summon Lightning Spire   Summ/Air       #.......     65%         4


Dungeon Overview and Level Annotations

Branches:
Dungeon (1/15)

Altars:


Innate Abilities, Weirdness & Mutations

You are small and have problems with some larger weapons.
You are completely attuned to the shadows.


Message History

The frilled lizard completely misses you.
Your quokka misses the bat. The bat completely misses you.
Your rat misses the frilled lizard. The frilled lizard misses you.
You hit the frilled lizard.
You kill the frilled lizard!
You have reached level 3!
Your experience leads to an increase in your attributes!
Increase (S)trength, (I)ntelligence, or (D)exterity?
You feel agile. The bat misses you.
The bat hits your quokka but does no damage.
Your quokka closely misses the bat.
The bat barely misses your rat.
Your rat barely misses the bat.
You closely miss the bat. The bat closely misses you.
The bat completely misses your quokka.
Your quokka closely misses the bat.
The bat hits your rat but does no damage.
Your rat closely misses the bat.
You hit the bat but do no damage. The bat hits you.
You die...

##........
....
#.........
####
...........
.
..#.........
.
..#.........
. #.........
##rr......
#b....... .
#@..###.# .
#...# .
##### .


You could see a bat, a friendly quokka (summoned) and a friendly rat (summoned).

Vanquished Creatures
  A bat (D:1)
  2 giant cockroaches (D:1)
  A goblin (D:1)
  A hobgoblin (D:1)
  A frilled lizard (D:1)
  A rat (D:1)
7 creatures vanquished.

Vanquished Creatures (collateral kills)
  A dart slug (D:1)
  2 goblins (D:1)
  4 hobgoblins (D:1)
  A ball python (D:1)
  A bat (D:1)
  A frilled lizard (D:1)
  3 kobolds (D:1)
13 creatures vanquished.

Grand Total: 20 creatures vanquished

Notes
Turn   | Place    | Note
-------+----------+-------------------------------------------
     0 | D:1      | DogServant the Kobold Summoner began the quest for the Orb.
     0 | D:1      | Reached XP level 1. HP: 10/10 MP: 3/3
   532 | D:1      | Reached skill level 1 in Fighting
   532 | D:1      | Reached XP level 2. HP: 12/16 MP: 5/5
   536 | D:1      | Learned a level 2 spell: Call Imp
  1207 | D:1      | Reached XP level 3. HP: 1/20 MP: 3/6
  1209 | D:1      | Slain by a bat

Illustrated notes

Levels and vault maps discovered:
D:1:      minmay_arrival_plants_in_alcoves, layout_rooms

Skill      XL: |  1 |
---------------+----+-----
Fighting       | 1 |  1.6
Short Blades   | |  0.2
Dodging        | |  2.9
Stealth        | |  2.6
Spellcasting   | |  2.1
Summonings     | |  4.2

Action                   || total
-------------------------++-------
Melee: Unarmed           ||    37
       Short sword       ||    38
       Dagger            ||    13
 Cast: Summon Small Mamm ||    20
 Stab: Sleeping          ||     4
Armor: Robe              ||    18
Dodge: Dodged            ||    99

Table legend: (Time is in decaauts)
 A = Elapsed time spent in this place.
 B = Non-inter-level travel time spent in this place.
 C = Inter-level travel time spent in this place.
 D = Time resting spent in this place.
 E = Time spent auto-exploring this place.
 F = Levels seen in this place.
 G = Mean time per level.
                   A        B        C        D        E       F      G
               +--------+--------+--------+--------+--------+-----+--------+
         Total |   1211 |   1211 |      0 |    652 |    303 |   1 | 1211.0 |
       Dungeon |   1211 |   1211 |      0 |    652 |    303 |   1 | 1211.0 |
               +--------+--------+--------+--------+--------+-----+--------+

Top non-repeatable levels by time:
     D:1: 1211 daAuts
